 Dungeon Crawl Stone Soup version 0.28.0-53-g5a82cb258f (webtiles) character file.

Game seed: 12141968225632571684

46531 Peloso the Fencer (level 14, -1/130 HPs)
             Began as a Minotaur Fighter on May 29, 2022.
             Was the Champion of Okawaru.
             Killed from afar by a deep elf zephyrmancer (21 damage)
             ... with a bolt of lightning
             ... on level 12 of the Dungeon.
             The game lasted 00:54:25 (22106 turns).

Peloso the Fencer (Minotaur Fighter)               Turns: 22106, Time: 00:54:26

Health: -1/130     AC: 26    Str: 31    XL:     14   Next: 5%
Magic:  0/15       EV: 10    Int:  5    God:    Okawaru [******]
Gold:   1042       SH: 14    Dex: 12    Spells: 13/13 levels left

rFire   . . .      SeeInvis .   b - +4 falchion (vorpal)
rCold   . . .      Faith    .   n - +2 kite shield
rNeg    . . .      Spirit   .   S - +8 chain mail "Nuejyer" {Drain Str+7}
rPois   .          Reflect  .   (helmet restricted)
rElec   .          Harm     .   j - scarf {repulsion}
rCorr   +          Rampage  .   B - +0 pair of gloves {infuse}
Will    +....                   P - +2 pair of boots {Fly}
Stlth   ..........              f - amulet of regeneration
HPRegen 1.11/turn               y - ring of resist corrosion
MPRegen 0.14/turn               (no ring)

@: flying, studying Crossbows, repel missiles
A: horns 2, retaliatory headbutt
a: Renounce Religion, Heroism, Finesse, Duel


You were on level 12 of the Dungeon.
You worshipped Okawaru.
Okawaru was exalted by your worship.
You visited 3 branches of the dungeon, and saw 18 of its levels.
You also visited: Bailey.

You collected 2268 gold pieces.
You spent 1226 gold pieces at shops.

Inventory:

Hand Weapons
 a - a +1 scimitar of flaming
 b - a +4 vorpal falchion (weapon)
Missiles
 Q - 2 throwing nets (quivered)
Armour
 c - a +1 chain mail of willpower
 j - a scarf of repulsion (worn)
 n - a +2 kite shield (worn)
 B - a +0 pair of gloves of infusion (worn)
 O - a +0 plate armour
 P - a +2 pair of boots of flying (worn)
 S - the +8 chain mail "Nuejyer" (worn) {Drain Str+7}
   (You bought it in a shop on level 2 of the Orcish Mines)

   Str:       It affects your strength (+7).
   Drain:     It drains your maximum health when unequipped.
Jewellery
 e - a ring of magical power
 f - an amulet of regeneration (around neck)
 q - a ring of magical power
 y - a ring of resist corrosion (left hand)
 E - a ring of ice
 K - an amulet of guardian spirit
 M - a +6 ring of intelligence
Wands
 i - a wand of digging (9)
 H - a wand of paralysis (2)
 L - a wand of flame (33)
 R - a wand of polymorph (6)
 U - a wand of iceblast (5)
Scrolls
 d - 5 scrolls of enchant armour
 g - 2 scrolls of holy word
 h - 4 scrolls of teleportation
 k - 3 scrolls of magic mapping
 s - 5 scrolls of enchant weapon
 t - 3 scrolls of summoning
 v - 5 scrolls of fear
 w - 2 scrolls of identify
 x - a scroll of brand weapon
 z - 5 scrolls of blinking
 A - 5 scrolls of amnesia
 D - 5 scrolls of immolation
 G - 2 scrolls of silence
 W - 2 scrolls of noise
Potions
 l - 4 potions of might
 m - 4 potions of resistance
 o - 9 potions of haste
 p - 4 potions of magic
 r - 7 potions of invisibility
 u - 2 potions of curing
 C - 4 potions of flight
 F - 2 potions of heal wounds
 I - 2 potions of ambrosia
 J - 2 potions of cancellation
 N - a potion of mutation
 V - a potion of brilliance
Miscellaneous
 T - a piece from Xom's chessboard (15/15)


   Skills:
 + Level 13.9 Fighting
 + Level 15.4 Long Blades
 + Level 14.7 Armour
 + Level 5.2 Dodging
 + Level 3.0 Stealth
 + Level 13.4 Shields
 + Level 3.4 Invocations
 + Level 2.9 Evocations


You had 13 spell levels left.
You didn't know any spells.
Your spell library contained the following spells:

 Spells                   Type           Power      Damage    Failure   Level
 Apportation              Tloc           0%         N/A       97%         1
 Magic Dart               Conj           0%         1d3       97%         1
 Shock                    Conj/Air       0%         1d3       97%         1
 Slow                     Hex            0%         N/A       97%         1
 Blink                    Tloc           0%         N/A       99%         2
 Confusing Touch          Hex            0%         N/A       100%        3
 Conjure Flame            Conj/Fire      0%         6-21      100%        3
 Dazzling Flash           Conj/Hex       0%         N/A       100%        3
 Ignite Poison            Fire/Tmut/Pois 0%         N/A       100%        3
 Mephitic Cloud           Conj/Pois/Air  0%         N/A       100%        3
 Portal Projectile        Hex/Tloc       0%         N/A       100%        3
 Swiftness                Air            0%         N/A       100%        3
 Vampiric Draining        Necr           0%         2d6       100%        3
 Airstrike                Air            0%         N/A       100%        4
 Leda's Liquefaction      Hex/Erth       0%         N/A       100%        4
 Sticky Flame             Conj/Fire      0%         2d3       100%        4
 Agony                    Necr           0%         N/A       100%        5
 Blade Hands              Tmut           0%         N/A       100%        5
 Excruciating Wounds      Necr           0%         N/A       100%        5
 Lee's Rapid Deconstruct  Erth           0%         3d5*      100%        5
 Manifold Assault         Tloc           0%         N/A       100%        5
 Silence                  Hex/Air        0%         N/A       100%        5
 Dispersal                Tloc           0%         N/A       100%        6
 Statue Form              Tmut/Erth      0%         N/A       100%        6
 Storm Form               Tmut/Air       0%         N/A       100%        7
 Disjunction              Tloc           0%         N/A       100%        8
 Animate Skeleton         Necr           Unusable   N/A       N/A         1
 Summon Small Mammal      Summ           Unusable   N/A       N/A         1
 Call Imp                 Summ           Unusable   N/A       N/A         2
 Summon Forest            Summ/Tloc      Unusable   N/A       N/A         5
 Summon Mana Viper        Hex/Summ       Unusable   N/A       N/A         5
 Summon Cactus Giant      Summ           Unusable   N/A       N/A         6

Dungeon Overview and Level Annotations

Branches:
Dungeon (12/15)            Temple (0/1) D:4            Lair (4/6) D:8
 Shoals (0/4) Lair:2        Snake (0/4) Lair:2          Orc (2/2) D:11
    Elf (0/3) Orc:2        Bailey (visited)

Altars:
Okawaru
Beogh

Shops:
D:6 (   D:11 (   Orc:2 (([(


Innate Abilities, Weirdness & Mutations

You have a pair of horns on your head.
You reflexively headbutt those who attack you in melee.


Message History

The two-headed ogre hits you but does no damage.
Unknown command.
You barely miss the two-headed ogre.
The boulder beetle curls into a ball and begins rolling!
You slash the two-headed ogre!
The two-headed ogre is lightly wounded.
You block the two-headed ogre's attack. x2
You slash the two-headed ogre! You headbutt the two-headed ogre.
The two-headed ogre is heavily wounded.
The two-headed ogre hits you with a +0 dire flail.
You block the two-headed ogre's attack.
You slash the two-headed ogre!
The two-headed ogre is almost dead.
You hit the two-headed ogre.
The two-headed ogre is almost dead.
The two-headed ogre hits you with a +0 dire flail!
The two-headed ogre hits you with a +0 giant spiked club.
Unknown command.
You hit the two-headed ogre.
The two-headed ogre is almost dead.
You block the boulder beetle's attack.
The boulder beetle stops rolling and uncurls.
Unknown command.
You hit the two-headed ogre.
You kill the two-headed ogre!
Okawaru accepts your kill.
Unknown command.
You hit the boulder beetle but do no damage.
The boulder beetle is heavily wounded.
The boulder beetle leaps!
The boulder beetle leaps!
Unknown command.
The deep elf zephyrmancer points at you and mumbles some strange words.
The bolt of lightning hits you!!
* * * LOW HITPOINT WARNING * * *
The bolt of lightning hits you.
* * * LOW HITPOINT WARNING * * *
The deep elf zephyrmancer gestures at you while chanting.
The bolt of lightning hits you!!
You die...

...#..###......#####..##.....#
...##.# #....### .#..##..#
....#.###...## ##..##..#
....#......## ##...##..#
#H..#..##..# ###....##..#
#...##.##.## #####......##..#
##...#....# ###..°.B.........#
.##..##(#.###))†.###.##.○##.##
..### #[.)#..)##@# #.##..# #
....#######.#)##e###.....#
........# #..†°........#.#
##.##.#.# #####...........
#.##..(# ###.....##...
##)...### #....# .# ..).###
#... ##### ..## #


You could see a deep elf zephyrmancer.

Vanquished Creatures
  Snorg (D:10)
  A fire dragon (D:9)
  2 hydras
  Harold (Lair:1)
  3 centaur warriors (D:12)
  6 two-headed ogres
  A tengu warrior (D:12)
  An orc high priest (Orc:2)
  Sonja (Lair:4)
  A skeletal warrior (D:8)
  4 orc knights (Bailey)
  6 orc sorcerers
  2 manticores (D:12)
  5 cyclopes
  An ugly thing (D:11)
  2 black mambas (Lair:3)
  3 elephants (Lair:3)
  A guardian serpent (shapeshifter) (D:12)
  Joseph (Lair:1)
  3 cane toads
  2 kobold demonologists (D:10)
  A gargoyle (D:12)
  A yaktaur (D:12)
  2 torpor snails (Lair:3)
  3 komodo dragons
  2 rime drakes (Lair:3)
  2 efreet (D:12)
  6 trolls
  2 hornets
  4 blink frogs (Lair:1)
  2 shadows (D:11)
  A culicivora (shapeshifter) (D:12)
  2 basilisks (Lair:1)
  34 yaks
  A wyvern (D:11)
  A steam dragon (D:9)
  5 nagas
  2 wargs
  5 water moccasins
  A meliai simulacrum (D:12)
  An ice beast (D:8)
  26 orc warriors
  5 ogres
  A black bear (D:5)
  3 necrophages
  41 wolves
  6 centaurs
  Blork the orc (D:3)
  9 bullfrogs
  6 kobold brigands
  3 scorpions
  A wyvern skeleton (D:7)
  2 water moccasin zombies (D:6)
  A water moccasin skeleton (D:7)
  4 killer bees (D:10)
  4 electric eels
  7 wights
  4 howler monkeys
  A bullfrog zombie (D:6)
  4 hounds
  4 centaur zombies
  A jelly (D:4)
  22 orc priests
  5 iguanas
  A centaur skeleton (D:4)
  A gnoll shaman (D:6)
  A bullfrog skeleton (D:5)
  42 orc wizards
  5 hell rats
  A killer bee zombie (D:9)
  3 hound skeletons
  A howler monkey zombie (D:11)
  8 gnolls
  A howler monkey skeleton (D:4)
  5 adders
  2 white imps
  2 ufetubi (D:5)
  3 worms
  A dart slug (D:2)
  75 orcs
  3 ball pythons
  2 endoplasms
  A giant cockroach (D:1)
  11 goblins
  11 hobgoblins
  2 jackals (D:2)
  3 quokkas
  4 bats
  2 frilled lizards
  20 kobolds
  4 rats
502 creatures vanquished.

Vanquished Creatures (others)
  2 orc priests (Orc:2)
  2 orc wizards (Orc:2)
  15 fungi
  23 plants
42 creatures vanquished.

Grand Total: 544 creatures vanquished

Notes
Turn   | Place    | Note
-------+----------+-------------------------------------------
     0 | D:1      | Peloso the Minotaur Fighter began the quest for the Orb.
     0 | D:1      | Reached XP level 1. HP: 19/19 MP: 0/0
   554 | D:2      | Found a faded altar of an unknown god.
   659 | D:2      | Reached XP level 2. HP: 26/27 MP: 1/1
   799 | D:2      | Reached XP level 3. HP: 31/33 MP: 2/2
  2051 | D:3      | Reached XP level 4. HP: 30/40 MP: 3/3
  2298 | D:4      | Reached skill level 3 in Long Blades
  2298 | D:4      | Reached skill level 1 in Dodging
  2306 | D:4      | Reached skill level 5 in Armour
  2354 | D:4      | Reached XP level 5. HP: 44/46 MP: 4/4
  2373 | D:4      | Found a staircase to the Ecumenical Temple.
  2471 | D:4      | Noticed Blork the orc
  2479 | D:4      | Noticed an ogre
  2540 | D:3      | Killed Blork the orc
  2541 | D:3      | Reached skill level 4 in Long Blades
  2658 | D:3      | Reached XP level 6. HP: 52/53 MP: 5/5
  2728 | D:5      | Entered Level 5 of the Dungeon
  2750 | D:5      | Reached skill level 5 in Fighting
  2831 | D:5      | Found an iron altar of Okawaru.
  2863 | D:5      | Became a worshipper of Warmaster Okawaru
  2910 | D:5      | Reached skill level 5 in Long Blades
  2910 | D:5      | Reached XP level 7. HP: 62/62 MP: 6/6
  3396 | D:6      | Found Yrenylah's Antique Weapon Boutique.
  3446 | D:6      | Reached skill level 6 in Long Blades
  3593 | D:6      | Reached * piety under Okawaru
  3719 | D:6      | Noticed a two-headed ogre
  3728 | D:6      | Killed a two-headed ogre
  3729 | D:6      | Reached skill level 7 in Long Blades
  3729 | D:6      | Reached XP level 8. HP: 47/71 MP: 3/7
  3743 | D:6      | Reached skill level 8 in Long Blades
  3877 | D:6      | Reached ** piety under Okawaru
  3898 | D:6      | Reached skill level 1 in Evocations
  4495 | D:6      | Identified the +2 leather armour of Okawaru's Wrath {rElec
                  | Int+4 Dex-5 SInv}
  4951 | D:4      | Reached skill level 9 in Long Blades
  4951 | D:4      | Reached XP level 9. HP: 69/79 MP: 4/8
  6117 | D:7      | Reached *** piety under Okawaru
  6314 | D:7      | Reached skill level 10 in Long Blades
  6314 | D:7      | Reached skill level 5 in Shields
  6694 | D:8      | Found a staircase to the Lair.
  6900 | D:8      | Reached **** piety under Okawaru
  6906 | D:8      | Reached XP level 10. HP: 91/91 MP: 4/9
  7318 | D:8      | Reached skill level 10 in Armour
  7682 | D:8      | Noticed a skeletal warrior
  7691 | D:8      | Killed a skeletal warrior
  7692 | D:8      | Reached skill level 11 in Long Blades
  7692 | D:8      | Reached skill level 1 in Stealth
  8032 | D:9      | Noticed a cyclops
  8043 | D:9      | Killed a cyclops
  8175 | D:9      | Found a flagged portal.
  8215 | Bailey   | Entered a bailey
  8543 | Bailey   | Noticed an orc knight
  8555 | Bailey   | Reached skill level 1 in Invocations
  8579 | Bailey   | Killed an orc knight
  8590 | Bailey   | Noticed an orc knight
  8599 | Bailey   | Noticed an orc knight
  8610 | Bailey   | Killed an orc knight
  8610 | Bailey   | Reached ***** piety under Okawaru
  8611 | Bailey   | Reached skill level 12 in Long Blades
  8619 | Bailey   | Noticed an orc knight
  8631 | Bailey   | Killed an orc knight
  8631 | Bailey   | Received a gift from Okawaru
  8753 | Bailey   | HP: 1/93 [orc warrior/+0 glaive (15)]
  8757 | Bailey   | Killed an orc knight
  8757 | Bailey   | Received a gift from Okawaru
  8758 | Bailey   | Reached XP level 11. HP: 24/99 MP: 0/11
  8865 | Bailey   | Reached skill level 10 in Fighting
  9231 | D:9      | Noticed a fire dragon
  9240 | D:9      | Killed a fire dragon
 10134 | D:10     | Entered Level 10 of the Dungeon
 10223 | D:10     | Reached skill level 13 in Long Blades
 10853 | D:10     | Received a gift from Okawaru
 11145 | D:10     | Noticed Snorg
 11164 | D:10     | Killed Snorg
 11908 | D:11     | Noticed a two-headed ogre
 11920 | D:11     | Killed a two-headed ogre
 12109 | D:11     | Noticed a two-headed ogre
 12118 | D:11     | Killed a two-headed ogre
 12209 | D:11     | Found Kireodd's Antique Weapon Emporium.
 12413 | D:11     | Noticed a two-headed ogre
 12419 | D:11     | Killed a two-headed ogre
 12419 | D:11     | Received a gift from Okawaru
 12420 | D:11     | Reached XP level 12. HP: 110/110 MP: 7/12
 12737 | D:11     | Found a staircase to the Orcish Mines.
 12791 | D:11     | You are sucked into a shaft and drop 1 floor!
 12792 | D:12     | Noticed a four-headed hydra
 12979 | D:11     | Noticed a two-headed ogre
 12987 | D:11     | Killed a two-headed ogre
 12988 | D:11     | Reached skill level 14 in Long Blades
 13194 | Lair:1   | Entered Level 1 of the Lair of Beasts
 13602 | D:8      | Reached skill level 10 in Shields
 13775 | Lair:1   | Noticed Harold
 13900 | Lair:1   | Killed Harold
 14442 | Lair:1   | Noticed a four-headed hydra
 14455 | Lair:1   | Noticed Joseph
 14469 | Lair:1   | Killed Joseph
 14672 | Orc:1    | Entered Level 1 of the Orcish Mines
 14965 | Orc:2    | Entered Level 2 of the Orcish Mines
 14965 | Orc:2    | Found a staircase to the Elven Halls.
 16063 | Orc:2    | Received a gift from Okawaru
 16375 | Orc:2    | Noticed an orc high priest
 16537 | Orc:2    | Killed an orc high priest
 16538 | Orc:2    | Reached XP level 13. HP: 119/119 MP: 8/14
 16679 | Orc:2    | Found Zamuros's Armour Boutique.
 16679 | Orc:2    | Found Eroll's Weapon Shop.
 16689 | Orc:2    | Found Ruhoef's Antique Weapon Shop.
 16728 | Orc:2    | Found Eqetes's Antique Weapon Boutique.
 16765 | Orc:2    | Bought a runed scimitar for 196 gold pieces
 18060 | Orc:2    | Bought the +8 chain mail "Nuejyer" {Drain Str+7} for 1030
                  | gold pieces
 19316 | Lair:2   | Found a staircase to the Snake Pit.
 19560 | Lair:2   | Found a staircase to the Shoals.
 20066 | Lair:3   | Reached skill level 15 in Long Blades
 20596 | Lair:3   | Received a gift from Okawaru
 20597 | Lair:3   | Reached skill level 5 in Dodging
 21064 | Lair:4   | Noticed Sonja
 21254 | Lair:4   | Killed Sonja
 21759 | D:12     | Paralysed by a hornet for 3 turns
 22030 | D:12     | Reached ****** piety under Okawaru
 22038 | D:12     | Received a gift from Okawaru
 22073 | D:12     | Reached XP level 14. HP: 83/130 MP: 0/15
 22106 | D:12     | Killed from afar by a deep elf zephyrmancer

Illustrated notes

Levels and vault maps discovered:
D:1:      ebering_trefoil_3fold, layout_basic, serial_bayou_lake_a
D:2:      cheibrodos_greedy_goblins, layout_loops_corners,
          chequers_ecumenical_altar_simple_redux, chequers_serial_rivers_micro_e
D:3:      layout_loops_ring
D:4:      layout_rooms, temple_hall, uniq_blork_the_orc
D:5:      layout_rooms, mainiacjoe_overflow_brackets, hangedman_decor_points
D:6:      layout_basic, serial_shops, nicolae_shop_advertising_works
          [nicolae_subvault_shop_adworks], nrook_mini_vaults
D:7:      layout_basic, kennysheep_cross_room
D:8:      layout_basic, dpeg_oklobed_lair, serial_bayou_pond_d,
          roderic_serpentine_path, kennysheep_just_a_vault
D:9:      layout_loops_ring, enter_bailey_4
D:10:     layout_basic, minmay_misc_feat_square, serial_park_tiny_pond,
          lemuel_flamethrower_1, uniq_snorg
D:11:     layout_irregular_city, david_orc_5, serial_shops, shop_coins
D:12:     minmay_swirls_squares, layout_loops_ring
Lair:1:   layout_cave_pods, nicolae_quartered_pool_medium,
          grunt_forest_large_clearings, uniq_joseph, uniq_harold
Lair:2:   layout_hall_layers, elwin_shoals_entry_rocks,
          minmay_snake_entry_guardpost_medium, lemuel_fruit_tree,
          grunt_megastairs_1
Lair:3:   layout_chaotic_city, serial_bayou_shore_b
Lair:4:   layout_big_grid, serial_bayou_shore_a, infiniplex_staircase_pool,
          uniq_sonja
Orc:1:    layout_diamond_mine
Orc:2:    st_orc_mages, layout_caves, special_room, basic_altar

Skill      XL: |  1  2  3  4  5  6  7  8  9 10 11 12 13 14 |
---------------+-------------------------------------------+-----
Armour         | 4 5 6 7 8 9 11 12 13 14 | 14.7
Shields        | 4 5 7 8 11 13 | 13.4
Fighting       | 4 5 6 7 9 11 12 13 | 13.9
Long Blades    | 3 4 5 7 9 10 12 13 14 15 | 15.4
Dodging        | 1 2 3 4 5 |  5.2
Evocations     | 1 2 |  2.9
Stealth        | 2 3 |  3.0
Invocations    | 1 2 3 |  3.4

Action                   |  1- 3 |  4- 6 |  7- 9 | 10-12 | 13-15 || total
-------------------------+-------+-------+-------+-------+-------++-------
Melee: Long sword        |    98 |    74 |   289 |   889 |    19 ||  1369
       Headbutt          |    12 |    12 |    58 |   168 |    74 ||   324
       Punch             |       |     1 |     2 |       |       ||     3
       Scimitar          |       |       |       |       |   295 ||   295
       Falchion          |       |       |       |       |    42 ||    42
Invok: Heroism           |       |       |     1 |    44 |    12 ||    57
Evoke: Wand              |       |       |     5 |    17 |     3 ||    25
  Use: Scroll            |     4 |     3 |       |    18 |     3 ||    28
       Potion            |     2 |     1 |       |     8 |       ||    11
 Stab: Invisible         |       |       |       |     3 |       ||     3
       Paralysed         |       |       |       |       |     2 ||     2
Armor: Scale mail        |    50 |     8 |       |       |       ||    58
       Chain mail        |       |    42 |   162 |    96 |   175 ||   475
       Plate armour      |       |       |       |   336 |       ||   336
Dodge: Dodged            |    46 |    53 |   106 |   262 |   117 ||   584
       Repelled          |       |     1 |     2 |     6 |     7 ||    16
Block: Buckler           |    18 |     2 |    29 |     4 |       ||    53
       Kite shield       |       |       |       |   630 |   242 ||   872
